Map: Central Protocol

Players

Honor - Winner!

  • Race: Protoss Protoss
  • League: Master

A.I. 1 (Elite)

  • Race: Zerg Zerg

VOD

Have the link to the VOD?

Description

Time

  • Played on: Dec. 17, 2015, 3:58 a.m.
  • Length: 7:44
Show
View Real Time Build Order
Export as new Build Order

Honor Protoss - Winner!

Build Orders:  

Get SALT Encoding   

  12  0:01  Probe (Chrono Boost)  
  13  0:11  Probe (Chrono Boost)  
  14  0:18  Pylon  
  14  0:22  Probe (Chrono Boost)  
  15  0:36  Probe (Chrono Boost)  
  15  0:37  Gateway  
  16  0:44  Assimilator  
  16  0:47  Probe (Chrono Boost)  
  17  0:57  Probe (Chrono Boost)  
  17  0:59  Pylon  
  18  1:08  Probe (Chrono Boost)  
  20  1:18  Probe (Chrono Boost)  
  20  1:25  Cybernetics Core  
  20  1:29  Probe (Chrono Boost)  
  21  1:39  Probe (Chrono Boost)  
  24  1:50  Probe (Chrono Boost)  
  23  1:55  Nexus  
  25  2:02  Mothership Core (Chrono Boost)  
  25  2:09  Stalker  
  27  2:17  Pylon  
  27  2:21  Probe (Chrono Boost)  
  28  2:24  Assimilator  
  28  2:28  Warp Gate  
  28  2:32  Probe (Chrono Boost)  
  29  2:42  Probe (Chrono Boost)  
  30  2:54  Probe (Chrono Boost)  
  31  3:00  Gateway x2  
  31  3:04  Robotics Facility  
  31  3:07  Probe (Chrono Boost)  
  31  3:10  Probe (Chrono Boost)  
  33  3:17  Probe (Chrono Boost)  
  34  3:20  Probe (Chrono Boost)  
  35  3:28  Probe (Chrono Boost)  
  35  3:29  Sentry  
  35  3:31  Probe (Chrono Boost)  
  39  3:38  Probe (Chrono Boost)  
  41  3:41  Probe (Chrono Boost)  
  41  3:49  Probe (Chrono Boost)  
  41  3:50  Forge  
  41  3:51  Immortal (Chrono Boost)  
  41  3:54  Probe  
  46  4:00  Probe  
  48  4:05  Pylon  
  48  4:13  Pylon  
  48  4:21  Immortal (Chrono Boost)  
  48  4:23  Protoss Ground Weapons Level 1 (Chrono Boost)  
  52  4:41  Gateway  
  52  4:46  Gateway  
  52  4:49  Gateway  
  52  4:50  Gateway  
  52  4:53  Sentry, Gateway  
  52  4:54  Sentry  
  52  4:55  Warp Prism  
  56  5:07  Pylon  
  58  5:10  Stalker  
  60  5:14  Pylon  
  60  5:17  Stalker x2  
  64  5:28  Observer  
  64  5:31  Pylon x2  
  65  5:43  Pylon  
  65  5:51  Adept x2  
  65  5:52  Adept x3  
  65  5:53  Zealot x3  
  81  6:00  Pylon  
  81  6:17  Adept x5  
  87  6:20  Zealot x3  
  91  6:35  Pylon  
  91  6:40  Adept x3  
  91  6:41  Adept x2  
  91  6:42  Zealot  
  91  6:46  Zealot  
  105  6:49  Adept  
  101  7:06  Adept  
  101  7:07  Adept x4  
  101  7:08  Zealot  
  111  7:19  Adept x2  
Show
View Real Time Build Order
Export as new Build Order

A.I. 1 (Elite) Zerg 

Build Orders: Pool First 

Get SALT Encoding   

  12  0:00  Drone  
  13  0:12  Overlord  
  13  0:16  Drone  
  14  0:30  Drone x2  
  14  0:34  Drone  
  17  0:48  Spawning Pool  
  17  0:49  Drone  
  17  1:14  Hatchery  
  17  1:15  Drone  
  17  1:18  Extractor  
  17  1:20  Drone  
  17  1:23  Extractor  
  16  1:27  Drone  
  16  1:31  Drone  
  18  1:38  Drone  
  19  1:49  Overlord  
  19  1:58  Queen  
  21  2:04  Zergling x2  
  22  2:10  Drone  
  23  2:25  Queen  
  25  2:31  Drone  
  26  2:37  Drone  
  26  2:41  Drone  
  28  2:45  Drone  
  29  2:59  Roach Warren  
  29  3:00  Drone  
  29  3:05  Drone  
  30  3:09  Zergling x2  
  30  3:11  Zergling x2  
  32  3:17  Overlord  
  32  3:20  Drone  
  32  3:23  Drone  
  34  3:39  Roach x3  
  40  3:42  Roach  
  40  3:47  Lair  
  42  3:52  Overlord  
  42  3:57  Overlord  
  42  3:59  Zergling x2  
  42  4:02  Zergling x2  
  44  4:10  Drone x2, Zergling x2  
  44  4:12  Drone  
  44  4:14  Drone  
  49  4:17  Drone  
  49  4:22  Overlord  
  50  4:26  Roach  
  50  4:29  Roach  
  54  4:33  Roach  
  54  4:36  Roach  
  58  4:40  Overlord  
  58  4:46  Drone, Hydralisk Den  
  58  4:48  Drone  
  58  4:50  Drone  
  60  4:53  Roach  
  60  4:57  Roach  
  64  5:01  Overlord  
  65  5:07  Drone  
  65  5:09  Drone  
  65  5:11  Drone  
  65  5:13  Drone  
  68  5:15  Drone  
  68  5:16  Drone, Hydralisk  
  68  5:19  Hydralisk  
  74  5:23  Hydralisk  
  74  5:28  Overlord  
  76  5:31  Hydralisk  
  76  5:33  Drone  
  76  5:35  Drone  
  80  5:36  Drone  
  80  5:39  Drone  
  80  5:40  Drone  
  80  5:42  Drone  
  84  5:46  Drone, Overlord  
  85  5:52  Infestation Pit  
  85  5:55  Drone  
  85  6:03  Metabolic Boost  
  85  6:07  Evolution Chamber  
  85  6:08  Drone  
  85  6:11  Drone, Zergling x2  
  84  6:12  Zergling x2  
  84  6:13  Zergling x2  
  84  6:15  Zergling x2  
  84  6:17  Zergling x2  
  78  6:18  Zergling x2  
  78  6:20  Roach  
  74  6:26  Roach  
  74  6:29  Drone  
  76  6:45  Drone  
  72  6:48  Hydralisk  
  72  6:52  Drone, Roach  
  74  6:55  Infestor  
  67  7:05  Roach  
  50  7:16  Roach, Zergling x2  
  50  7:17  Roach  
Tags
 
Add a new tag
Caveats
  • Supply blocks, unpowered buildings, or Contaminate may cause inaccurate times.
  • Supply counts are checked every 10 seconds.